Map: Orbital Shipyard

Players

Hanes

  • Race: Terran Terran
  • League: Master

TTS - Winner!

  • Race: Protoss Protoss
  • League: Platinum

VOD

Have the link to the VOD?

Description

Time

  • Played on: Feb. 24, 2016, 1:55 a.m.
  • Length: 4:39
Show
View Real Time Build Order
Export as new Build Order

Hanes Terran 

Build Orders:  

Get SALT Encoding   

  12  0:09  Supply Depot  
  12  0:13  SCV  
  13  0:36  Barracks  
  13  0:37  Refinery  
  13  0:41  SCV  
  14  0:56  Barracks  
  14  1:01  SCV  
  15  1:13  SCV  
  16  1:23  Reaper  
  17  1:27  Orbital Command  
  17  1:39  Supply Depot  
  17  1:45  Marine  
  18  1:53  SCV  
  19  2:05  SCV  
  20  2:17  SCV  
  21  2:28  Marine  
  21  2:29  SCV, Command Center  
  23  2:33  Barracks  
  23  2:42  SCV  
  24  2:48  Barracks, Barracks Tech Lab  
  24  2:54  SCV  
  25  3:05  Engineering Bay  
  25  3:06  SCV  
  26  3:14  Supply Depot  
  26  3:18  SCV  
  27  3:21  Marine  
  27  3:25  Marine  
  26  3:33  Bunker  
  23  3:39  Marine  
  19  3:41  Missile Turret  
  19  3:43  SCV  
  19  3:50  SCV  
  19  3:51  Marine  
  21  3:56  SCV  
  21  3:57  Marine  
  18  4:09  Marine  
  17  4:14  Bunker, Marine  
  17  4:17  SCV  
  17  4:30  Barracks  
Show
View Real Time Build Order
Export as new Build Order

TTS Protoss - Winner!

Build Orders: Oracle Opening 

Get SALT Encoding   

  13  0:09  Pylon  
  13  0:13  Probe (Chrono Boost)  
  13  0:24  Probe (Chrono Boost)  
  14  0:34  Probe (Chrono Boost)  
  15  0:37  Gateway  
  15  0:45  Probe (Chrono Boost)  
  16  0:52  Assimilator  
  16  0:55  Probe (Chrono Boost)  
  17  0:59  Assimilator  
  17  1:06  Probe (Chrono Boost)  
  18  1:16  Probe (Chrono Boost)  
  19  1:25  Cybernetics Core  
  19  1:27  Probe (Chrono Boost)  
  20  1:37  Probe (Chrono Boost)  
  21  1:41  Pylon  
  21  1:42  Pylon  
  21  1:48  Probe (Chrono Boost)  
  22  1:58  Probe (Chrono Boost)  
  23  2:01  Stargate  
  23  2:03  Adept (Chrono Boost)  
  25  2:10  Probe  
  25  2:11  Warp Gate  
  26  2:27  Adept (Chrono Boost)  
  28  2:31  Pylon  
  28  2:44  Oracle (Chrono Boost)  
  31  3:02  Pylon  
  31  3:07  Gateway  
  31  3:09  Gateway  
  31  3:16  Oracle (Chrono Boost)  
  32  3:36  Gateway  
  32  3:47  Void Ray (Chrono Boost)  
  36  3:51  Probe  
  35  4:21  Adept x3  
  41  4:24  Pylon  
  45  4:36  Adept  
Tags
 
Add a new tag
Caveats
  • Supply blocks, unpowered buildings, or Contaminate may cause inaccurate times.
  • Supply counts are checked every 10 seconds.